 BcadrenCrawl: Boulder Brew version 0.05.4-28-gf56dcff (webtiles) character file.

Game seed: 12693222761754801039, levelgen mode: deterministic

487 Dorkslayer the Skirmisher (level 6, -5/35 HPs) Molten Gargoyle Fighter. Began on Jan 12, 2022. Slain by a slime creature (11 damage) ... on level 2 of the Dungeon. The game lasted 00:06:50 (1175 turns).

Dorkslayer the Skirmisher (Molten Gargoyle Fighter) Turns: 1175, Time: 00:06:51

Health: -5/35      AC: 17    Str: 20    XL:     6 ^: 37
Magic:  6/6        EV: 11    Int:  8    God:
Gold:   102        SH:  8    Dex: 16    Spells: 5/5 levels left

rFire    + + .     Vision   .   a - +0 long sword
rCold    x x .     Gourm    .   c - +0 heater shield
rNeg     + . .     Faith    .   b - +0 scale mail
rCorr    . . .     Spirit   .   (no helmet)
rPois    ∞         Reflect  .   (no cloak)
rElec    +         Harm     .   (no gloves)
MR       .....                  (no boots)
Stlth    ++........             (no amulet)
HPRegen  0.21/turn              g - ring of strength (curse) {(Curse: rF-)}
MPRegen  0.16/turn              j - ring of protection (curse) {(Curse: MR-)}

@: no status effects
A: torment immune, lava walking, breathe magma 1, fire resistance 3, negative
energy resistance 1, electricity resistance, unbreathing, petrification
resistance, cold vulnerability 2, rot immunity, core melding 2
a: Breathe Magma


You were on level 2 of the Dungeon.
You were hungry.

You visited 1 branch of the dungeon, and saw 2 of its levels.

You collected 102 gold pieces.

Inventory:

Weapons
 a - a +0 long sword (weapon) Shields
 c - a +0 heater shield (shield)
Armour
 b - a +0 scale mail (worn)
Jewellery
 d - a cursed amulet of the gourmand {(Curse: rF-)}
 g - a cursed ring of strength (left hand) {(Curse: rF-)}
 i - an uncursed ring of magical power
 j - a cursed ring of protection (right hand) {(Curse: MR-)}
Scrolls
 e - a scroll of teleportation
Potions
 h - a potion of berserk rage
 k - a potion of curing
Miscellaneous
 m - an empty bottle
Comestibles
 f - 3 rations


   Skills:
 + Level 5.1 Fighting
 + Level 4.5 Long Blades
 + Level 2.4 Dodging
 + Level 0.4 Stealth
 + Level 4.8 Shields


You had 5 spell levels left.
You didn't know any spells.
Your spell library was empty.

Dungeon Overview and Level Annotations

Branches:
Dungeon (2/8)

Altars:


Innate Abilities, Weirdness & Mutations

You are resistant to torment.
You are not damaged by walking on lava.
You are immune to poison.
You can breathe lava.
You are almost immune to the effects of heat. (rF+++)
You resist negative energy. (rN+)
You are resistant to electric shocks. (rElec)
You can survive without breathing.
You are immune to petrification.
You are very vulnerable to cold. (rC--)
You are immune to rotting.
The molten core of your body molds to fit into any body armour perfectly. (2x Base AC and No Encumberance from Armour).


Message History

The slime creature hits you (1).
* * * LOW HITPOINT WARNING * * *
You enter the shallow water.
Moving in this stuff is going to be slow.
The crocodile bites you (5).
* * * LOW HITPOINT WARNING * * *
You see here a ball python corpse.
You hear a slurping noise.
Items here: †††† a giant cockroach corpse; a jackal corpse; a kobold corpse; a big kobold corpse You see here a +1 short sword of caustic ooze.
You hit the slime creature (4).
The slime creature is moderately wounded. (48/71) HP You hear a slurping noise.
The slime creature hits you but does no damage.
You hit the slime creature (2).
The slime creature is lightly wounded. (71/73) HP You hear a slurping noise.
The slime creature hits you (11)!
You die...

###.h≈≈# ##.KK##.#
#≈≈≈≈##≈h#
##≈#####.# #K## h.
#K# ... #t# ...#
#J## ...# #@)##
.#.# #≈
#.≈≈####### ##.
#.≈≈≈..≈≈≈######.≈
#≈≈≈≈≈.≈≈≈≈≈≈≈≈≈≈≈
#≈≈≈≈≈≈≈≈≈≈≈≈≈≈≈≈≈
#≈≈≈≈≈≈≈≈≈≈≈≈≈≈≈≈≈
#.≈≈≈≈.≈≈≈≈≈≈≈≈≈≈≈
#....≈......≈≈≈≈≈≈
######..#..#.###÷.


You could see a slime creature, a crocodile, a big kobold and a kobold.

Vanquished Creatures
  3 big kobolds
  2 jellies (D:2)
  7 giant cockroaches
  An adder (D:2)
  9 cinder newts
  2 dart slugs (D:1)
  2 leopard geckos (D:1)
  A cinder newt skeleton (D:2)
  6 hobgoblins (D:1)
  3 jackals (D:2)
  2 ball pythons
  2 bats (D:1)
  2 bat skeletons (D:2)
  3 goblins (D:1)
  11 kobolds
  11 rats
  8 withered plants (D:2)
75 creatures vanquished.

Vanquished Creatures (others)
  A giant cockroach (D:2)
  A leopard gecko (D:2)
  A kobold (D:2)
  82 withered plants (D:2)
85 creatures vanquished.

Grand Total: 160 creatures vanquished

Notes
Turn   | Place    | Note
-------+----------+-------------------------------------------
     0 | D:1      | Dorkslayer the Molten Gargoyle Fighter began the quest for
                  | the Orb.
     0 | D:1      | Reached XP level 1. HP: 12/12 MP: 1/1
    19 | D:1      | Reached XP level 2. HP: 15/17 MP: 2/2
    84 | D:1      | Reached skill level 4 in Fighting
   124 | D:1      | Reached XP level 3. HP: 21/21 MP: 3/3
   230 | D:1      | Reached XP level 4. HP: 26/26 MP: 4/4
   490 | D:1      | Reached XP level 5. HP: 30/30 MP: 5/5
   496 | D:1      | Reached skill level 1 in Dodging
   636 | D:1      | Reached XP level 6. HP: 34/34 MP: 6/6
  1110 | D:2      | Reached skill level 5 in Fighting
  1142 | D:2      | Noticed a slime creature
  1175 | D:2      | Slain by a slime creature

Levels and vault maps discovered:
D:1:      lightli_arrival_noodles, layout_rooms, due_unseen_surprise
D:2:      layout_sewer, old_standard_altar, elyvilon_niche, first_ration,
          basic_altar

Skill      XL: |  1  2  3  4  5  6 |
---------------+-------------------+-----
Fighting       | 4 5 |  5.1
Shields        | 4 |  4.8
Long Blades    | 2 3 4 |  4.5
Dodging        | 1 2 |  2.4
Stealth        | |  0.4

Action                   |  1- 3 |  4- 6 || total
-------------------------+-------+-------++-------
Melee: Long sword        |    43 |   185 ||   228
  Use: Potion            |       |     2 ||     2
  Eat: Chunk             |       |     1 ||     1
Armor: Scale mail        |    35 |   114 ||   149
Dodge: Dodged            |    14 |    35 ||    49
Block: Heater shield     |    22 |    73 ||    95
       Rpst.: Long sword |     7 |     7 ||    14
